| TOP OF THE 1ST |
|
Wisconsin Rapids Timber Rattlers batting - Pitching for Waterloo Hawks : RHP Albert Arrieta
|
|
Pitching: RHP Albert Arrieta
|
|
|
Batting: RHB Tim Pyznarski
|
0-0: Ball 1-0: Ball 2-0: Fly out, F8 (Line Drive, 8LD, EV 95.6 MPH)
|
|
Batting: RHB Jim Presley
|
0-0: Foul Ball, location: 2F 0-1: Ground out 6-3 (Groundball, 6, EV 78.8 MPH)
|
|
Batting: LHB Dion James
|
0-0: Ball 1-0: Ground out 3-1 (Groundball, 34, EV 88.8 MPH)
|
| Top of the 1st over - 0 runs, 0 hits, 0 errors, 0 left on base; Wisconsin Rapids 0 - Waterloo 0 |
| BOTTOM OF THE 1ST |
|
Waterloo Hawks batting - Pitching for Wisconsin Rapids Timber Rattlers : RHP Ted Kromy
|
|
Pitching: RHP Ted Kromy
|
|
|
Batting: RHB Edward Irvine
|
0-0: Ball 1-0: Ball 2-0: Ground out 6-3 (Groundball, 56, EV 82.5 MPH)
|
|
Batting: RHB Mark Sheehy
|
0-0: Foul Ball, location: 2F 0-1: Called Strike 0-2: Ball 1-2: Ball 2-2: Ball 3-2: Strikes out swinging
|
|
Batting: RHB Tony Evans
|
0-0: Ball 1-0: Called Strike 1-1: Ball 2-1: Foul Ball, location: 2F 2-2: Ball 3-2: SINGLE (Flyball, 3D, EV 95.0 MPH)
|
|
Batting: RHB Carmelo Aguayo
|
0-0: Fly out, F5 (Popup, 5SF, EV 76.9 MPH)
|
| Bottom of the 1st over - 0 runs, 1 hit, 0 errors, 1 left on base; Wisconsin Rapids 0 - Waterloo 0 |
| TOP OF THE 2ND |
|
Wisconsin Rapids Timber Rattlers batting - Pitching for Waterloo Hawks : RHP Albert Arrieta
|
|
Batting: LHB Greg Smith
|
0-0: Ball 1-0: Ball 2-0: Foul Ball, location: 2F 2-1: Swinging Strike 2-2: Foul Ball, location: 2F 2-2: Ball 3-2: Base on Balls
|
|
Batting: RHB Barbaro Garbey
|
0-0: Ball 1-0: Fly out, F8 (Flyball, 8LS, EV 88.8 MPH)
|
|
Batting: LHB Matt Hall
|
0-0: Called Strike 0-1: SINGLE (Groundball, 6MD, EV 112.5 MPH) Greg Smith to second Runner from 2nd tries for 3rd, SAFE, no throw by CF
|
|
Batting: RHB Darryl Motley
|
0-0: Ball 1-0: Fielders Choice at 2nd, 4-6 (Groundball, 4, EV 105.0 MPH) Greg Smith scores
|
|
Batting: RHB Al Pedrique
|
0-0: Ball 1-0: Ball 2-0: Fly out, F8 (Flyball, 89S, EV 95.0 MPH)
|
| Top of the 2nd over - 1 run, 1 hit, 0 errors, 1 left on base; Wisconsin Rapids 1 - Waterloo 0 |
| BOTTOM OF THE 2ND |
|
Waterloo Hawks batting - Pitching for Wisconsin Rapids Timber Rattlers : RHP Ted Kromy
|
|
Batting: RHB Jay Loviglio
|
0-0: Ball 1-0: Called Strike 1-1: Ball 2-1: Called Strike 2-2: DOUBLE (Line Drive, 9LM, EV 102.5 MPH)
|
|
Batting: LHB Burk Goldthorn
|
0-0: Called Strike 0-1: Fly out, F9 (Flyball, 89D, EV 100.6 MPH) Runner from 2nd tags up, SAFE at 3rd, no throw by RF
|
|
Batting: RHB Michael Williams
|
0-0: Called Strike 0-1: Swinging Strike 0-2: SINGLE (Popup, 3D, EV 76.3 MPH) Jay Loviglio scores
|
|
Batting: RHB Kean Rich
|
0-0: Swinging Strike 0-1: Called Strike 0-2: Strikes out looking
|
|
Batting: RHB David Cusack
|
0-0: Reached on error, E4 (Groundball, 4S, EV 79.4 MPH) Michael Williams to second
|
|
Batting: RHB Edward Irvine
|
0-0: Fly out, F4 (Popup, 4, EV 67.5 MPH)
|
| Bottom of the 2nd over - 1 run, 2 hits, 1 error, 2 left on base; Wisconsin Rapids 1 - Waterloo 1 |
| TOP OF THE 3RD |
|
Wisconsin Rapids Timber Rattlers batting - Pitching for Waterloo Hawks : RHP Albert Arrieta
|
|
Batting: RHB Phil Lombardi
|
0-0: Called Strike 0-1: Fly out, F7 (Line Drive, 7, EV 97.5 MPH)
|
|
Batting: RHB Tim Pyznarski
|
0-0: Called Strike 0-1: Ball 1-1: Swinging Strike 1-2: Reached on error, E5 (Groundball, 5, EV 81.9 MPH)
|
|
Batting: RHB Jim Presley
|
0-0: Ball 1-0: Called Strike Balk! Tim Pyznarski to third 1-1: Fly out, F7 (Flyball, 7LD, EV 108.8 MPH) Runner from 3rd tags up, SCORES, no throw by LF
|
|
Batting: LHB Dion James
|
0-0: Foul Ball, location: 2F 0-1: Ball 1-1: Ball 2-1: Foul Ball, location: 2F 2-2: Foul Ball, location: 2F 2-2: Fly out, F8 (Line Drive, 8LM, EV 97.5 MPH)
|
| Top of the 3rd over - 1 run, 0 hits, 1 error, 0 left on base; Wisconsin Rapids 2 - Waterloo 1 |
| BOTTOM OF THE 3RD |
|
Waterloo Hawks batting - Pitching for Wisconsin Rapids Timber Rattlers : RHP Ted Kromy
|
|
Batting: RHB Mark Sheehy
|
0-0: Ball 1-0: Foul Ball, location: 2F 1-1: Swinging Strike 1-2: Strikes out swinging, 2-3 out at first.
|
|
Batting: RHB Tony Evans
|
0-0: Foul Ball, location: 2F 0-1: Fly out, F8 (Line Drive, 8LM, EV 92.5 MPH)
|
|
Batting: RHB Carmelo Aguayo
|
0-0: Swinging Strike 0-1: Ball 1-1: Swinging Strike 1-2: Ball 2-2: Ball 3-2: Base on Balls
|
|
Batting: RHB Jay Loviglio
|
0-0: Ball 1-0: Called Strike 1-1: Ball 2-1: Fly out, F8 (Flyball, 8RS, EV 78.1 MPH)
|
| Bottom of the 3rd over - 0 runs, 0 hits, 0 errors, 1 left on base; Wisconsin Rapids 2 - Waterloo 1 |
| TOP OF THE 4TH |
|
Wisconsin Rapids Timber Rattlers batting - Pitching for Waterloo Hawks : RHP Albert Arrieta
|
|
Batting: LHB Greg Smith
|
0-0: Ball 1-0: Fly out, F8 (Line Drive, 8LD, EV 94.4 MPH)
|
|
Batting: RHB Barbaro Garbey
|
0-0: Foul Ball, location: 2F 0-1: Ball 1-1: Ball 2-1: SINGLE (Groundball, 56D, EV 97.5 MPH)
|
|
Batting: LHB Matt Hall
|
0-0: Ball 1-0: Called Strike 1-1: Foul Ball, location: 2F 1-2: Fly out, F7 (Flyball, 7D, EV 94.4 MPH)
|
|
Batting: RHB Darryl Motley
|
0-0: Fly out, F7 (Flyball, 7, EV 83.8 MPH)
|
| Top of the 4th over - 0 runs, 1 hit, 0 errors, 1 left on base; Wisconsin Rapids 2 - Waterloo 1 |
| BOTTOM OF THE 4TH |
|
Waterloo Hawks batting - Pitching for Wisconsin Rapids Timber Rattlers : RHP Ted Kromy
|
|
Batting: LHB Burk Goldthorn
|
0-0: Foul Ball, location: 2F 0-1: Ball 1-1: Ball 2-1: Ball 3-1: Called Strike 3-2: Strikes out swinging
|
|
Batting: RHB Michael Williams
|
0-0: Called Strike 0-1: Swinging Strike 0-2: Ball 1-2: Foul Ball, location: 2F 1-2: Fly out, F9 (Flyball, 9LD, EV 101.3 MPH)
|
|
Batting: RHB Kean Rich
|
0-0: Ball 1-0: Called Strike 1-1: Foul Ball, location: 2F 1-2: Ball 2-2: Ball 3-2: Foul Ball, location: 2F 3-2: Strikes out swinging, 2-3 out at first.
|
| Bottom of the 4th over - 0 runs, 0 hits, 0 errors, 0 left on base; Wisconsin Rapids 2 - Waterloo 1 |
| TOP OF THE 5TH |
|
Wisconsin Rapids Timber Rattlers batting - Pitching for Waterloo Hawks : RHP Albert Arrieta
|
|
Batting: RHB Al Pedrique
|
0-0: Ball 1-0: Ground out 6-3 (Groundball, 6, EV 86.3 MPH)
|
|
Batting: RHB Phil Lombardi
|
0-0: Ball 1-0: SINGLE (Groundball, 6MD, EV 103.8 MPH)
|
|
Batting: RHB Tim Pyznarski
|
0-0: Ball 1-0: Ball 2-0: Swinging Strike 2-1: Swinging Strike 2-2: Ball 3-2: Foul Ball, location: 2F 3-2: Grounds into double play, 4-6-3 (Groundball, 4, EV 86.3 MPH)
|
| Top of the 5th over - 0 runs, 1 hit, 0 errors, 0 left on base; Wisconsin Rapids 2 - Waterloo 1 |
| BOTTOM OF THE 5TH |
|
Waterloo Hawks batting - Pitching for Wisconsin Rapids Timber Rattlers : RHP Ted Kromy
|
|
Batting: RHB David Cusack
|
0-0: Ball 1-0: Swinging Strike 1-1: Swinging Strike 1-2: Foul Ball, location: 2F 1-2: Ground out 4-3 (Groundball, 4M, EV 100.6 MPH)
|
|
Batting: RHB Edward Irvine
|
0-0: Called Strike 0-1: Swinging Strike 0-2: Ball 1-2: Fly out, F8 (Flyball, 8LD, EV 96.3 MPH)
|
|
Batting: RHB Mark Sheehy
|
0-0: Ground out 5-3 (Groundball, 5, EV 84.4 MPH)
|
| Bottom of the 5th over - 0 runs, 0 hits, 0 errors, 0 left on base; Wisconsin Rapids 2 - Waterloo 1 |
| TOP OF THE 6TH |
|
Wisconsin Rapids Timber Rattlers batting - Pitching for Waterloo Hawks : RHP Albert Arrieta
|
|
Batting: RHB Jim Presley
|
0-0: SINGLE (Flyball, 8LS, EV 91.9 MPH)
|
|
Batting: LHB Dion James
|
0-0: Swinging Strike 0-1: Fly out, F8 (Line Drive, 8RM, EV 94.4 MPH)
|
|
Batting: LHB Greg Smith
|
0-0: SINGLE (Line Drive, 89S, EV 101.3 MPH) Jim Presley to second
|
|
Batting: RHB Barbaro Garbey
|
0-0: Fielders Choice at 2nd, 6-4 (Groundball, 56, EV 86.9 MPH) Jim Presley to third
|
|
Batting: LHB Matt Hall
|
0-0: Ball 1-0: Fly out, F7 (Flyball, 7D, EV 84.4 MPH)
|
| Top of the 6th over - 0 runs, 2 hits, 0 errors, 2 left on base; Wisconsin Rapids 2 - Waterloo 1 |
| BOTTOM OF THE 6TH |
|
Waterloo Hawks batting - Pitching for Wisconsin Rapids Timber Rattlers : RHP Ted Kromy
|
|
Batting: RHB Tony Evans
|
0-0: Ball 1-0: Ball 2-0: Ball 3-0: Base on Balls
|
|
Batting: RHB Carmelo Aguayo
|
0-0: Fly out, F6 (Flyball, 56D, EV 93.1 MPH)
|
|
Batting: RHB Jay Loviglio
|
0-0: Foul Ball, location: 2F 0-1: Swinging Strike 0-2: DOUBLE (Flyball, 8RXD, EV 99.4 MPH) Tony Evans to third Tony Evans scores
|
|
Batting: LHB Burk Goldthorn
|
0-0: Ball 1-0: Foul Ball, location: 2F 1-1: Ball 2-1: Ball 3-1: Foul Ball, location: 2F 3-2: Base on Balls
|
|
Batting: RHB Michael Williams
|
0-0: Ball 1-0: Called Strike 1-1: SINGLE (Flyball, 89S, EV 85.0 MPH) Jay Loviglio to third Burk Goldthorn to second Runner from 3rd tries for Home, SAFE, throw by RF to home
|
|
Batting: RHB Kean Rich
|
0-0: Called Strike 0-1: Foul Ball, location: 2F 0-2: Foul Ball, location: 2F 0-2: Strikes out swinging
|
|
Batting: RHB David Cusack
|
0-0: Fly out, F8 (Flyball, 89M, EV 87.5 MPH)
|
| Bottom of the 6th over - 2 runs, 2 hits, 0 errors, 2 left on base; Wisconsin Rapids 2 - Waterloo 3 |
| TOP OF THE 7TH |
|
Wisconsin Rapids Timber Rattlers batting - Pitching for Waterloo Hawks : RHP Albert Arrieta
|
|
Batting: RHB Darryl Motley
|
0-0: Swinging Strike 0-1: Foul Ball, location: 2F 0-2: SINGLE (Groundball, 4S, EV 66.9 MPH) (infield hit)
|
|
Batting: RHB Al Pedrique
|
0-0: Sac Bunt to 3S - play at first, batter OUT! 3-1 Darryl Motley to second
|
|
Batting: RHB Phil Lombardi
|
0-0: Ball 1-0: Called Strike 1-1: Foul Ball, location: 2F 1-2: Foul Ball, location: 2F 1-2: Foul Ball, location: 2F 1-2: SINGLE (Line Drive, 6D, EV 98.8 MPH) Darryl Motley to third Runner from 3rd tries for Home, SAFE, throw by CF to home
|
|
Batting: RHB Tim Pyznarski
|
0-0: Ball 1-0: Ball 2-0: Ball 3-0: Called Strike 3-1: Foul Ball, location: 2F 3-2: Fly out, F9 (Flyball, 9S, EV 88.1 MPH)
|
|
Batting: RHB Jim Presley
|
0-0: Ball 1-0: Swinging Strike 1-1: Fly out, F9 (Flyball, 9, EV 71.3 MPH)
|
| Top of the 7th over - 1 run, 2 hits, 0 errors, 1 left on base; Wisconsin Rapids 3 - Waterloo 3 |
| BOTTOM OF THE 7TH |
|
Waterloo Hawks batting - Pitching for Wisconsin Rapids Timber Rattlers : RHP Ted Kromy
|
|
Batting: RHB Edward Irvine
|
0-0: Ball 1-0: Called Strike 1-1: Foul Ball, location: 2F 1-2: Fly out, F8 (Flyball, 78D, EV 89.4 MPH)
|
|
Pitching: LHP Mercedes Esquer
|
|
|
Batting: RHB Mark Sheehy
|
0-0: Foul Ball, location: 2F 0-1: Swinging Strike 0-2: Foul Ball, location: 2F 0-2: Ball 1-2: Fly out, F9 (Flyball, 9D, EV 100.0 MPH)
|
|
Batting: RHB Tony Evans
|
0-0: Ball 1-0: Called Strike 1-1: Foul Ball, location: 2F 1-2: Foul Ball, location: 2F 1-2: Ball 2-2: Foul Ball, location: 2F 2-2: SINGLE (Groundball, 6MS, EV 61.9 MPH) (infield hit)
|
|
Batting: RHB Carmelo Aguayo
|
0-0: Ground out 4-3 (Groundball, 4, EV 110.6 MPH)
|
| Bottom of the 7th over - 0 runs, 1 hit, 0 errors, 1 left on base; Wisconsin Rapids 3 - Waterloo 3 |
| TOP OF THE 8TH |
|
Wisconsin Rapids Timber Rattlers batting - Pitching for Waterloo Hawks : RHP Albert Arrieta
|
|
Batting: LHB Dion James
|
0-0: Swinging Strike 0-1: Ball 1-1: Ball 2-1: Called Strike 2-2: Ball 3-2: Foul Ball, location: 2F 3-2: Ground out 4-3 (Groundball, 34D, EV 100.6 MPH)
|
|
Batting: LHB Greg Smith
|
0-0: Ball 1-0: DOUBLE (Line Drive, 9LM, EV 110.0 MPH)
|
|
Batting: RHB Barbaro Garbey
|
0-0: Called Strike 0-1: Called Strike 0-2: Ball 1-2: Fly out, F3 (Popup, 3SF, EV 80.6 MPH)
|
|
Batting: LHB Matt Hall
|
0-0: Ball 1-0: Called Strike 1-1: Ball 2-1: Called Strike 2-2: SINGLE (Groundball, 25, EV 75.6 MPH) (infield hit) Greg Smith to third
|
|
Batting: RHB Darryl Motley
|
0-0: Called Strike 0-1: Fly out, F9 (Flyball, 9, EV 86.3 MPH)
|
| Top of the 8th over - 0 runs, 2 hits, 0 errors, 2 left on base; Wisconsin Rapids 3 - Waterloo 3 |
| BOTTOM OF THE 8TH |
|
Waterloo Hawks batting - Pitching for Wisconsin Rapids Timber Rattlers : LHP Mercedes Esquer
|
|
Batting: RHB Jay Loviglio
|
0-0: Ball 1-0: Ball 2-0: DOUBLE (Line Drive, 8RXD, EV 105.0 MPH)
|
|
Batting: LHB Burk Goldthorn
|
0-0: Ground out 4-3 (Groundball, 34D, EV 104.4 MPH) Jay Loviglio to third
|
|
Batting: RHB Michael Williams
|
0-0: Called Strike 0-1: Fly out, F4 (Popup, 4, EV 81.9 MPH)
|
|
Batting: RHB Kean Rich
|
0-0: Ball 1-0: Swinging Strike 1-1: Ball 2-1: Foul Ball, location: 2F 2-2: Foul Ball, location: 2F 2-2: Strikes out looking
|
| Bottom of the 8th over - 0 runs, 1 hit, 0 errors, 1 left on base; Wisconsin Rapids 3 - Waterloo 3 |
| TOP OF THE 9TH |
|
Wisconsin Rapids Timber Rattlers batting - Pitching for Waterloo Hawks : RHP Albert Arrieta
|
|
Batting: RHB Al Pedrique
|
0-0: Ball 1-0: Ground out 6-3 (Groundball, 6, EV 106.3 MPH)
|
|
Pinch Hitting: LHB Jimmy Hickman
|
0-0: Called Strike 0-1: Foul Ball, location: 2F 0-2: TRIPLE (Line Drive, 9LD, EV 110.6 MPH)
|
|
Batting: RHB Tim Pyznarski
|
0-0: Foul Ball, location: 2F 0-1: Fly out, F7 (Flyball, 7LM, EV 95.0 MPH) Runner from 3rd tags up, SCORES, no throw by LF
|
|
Batting: RHB Jim Presley
|
0-0: SINGLE (Groundball, 15S, EV 72.5 MPH) (infield hit)
|
|
Batting: LHB Dion James
|
0-0: Ball 1-0: Called Strike 1-1: Ball 2-1: Fielders Choice at 2nd, 6-4 (Groundball, 56, EV 91.9 MPH)
|
| Top of the 9th over - 1 run, 2 hits, 0 errors, 1 left on base; Wisconsin Rapids 4 - Waterloo 3 |
| BOTTOM OF THE 9TH |
|
Waterloo Hawks batting - Pitching for Wisconsin Rapids Timber Rattlers : LHP Mercedes Esquer
|
|
Pitching: LHP Scott Bailes
|
|
|
Now at C: Mitchell Cipolla
|
|
|
Batting: RHB David Cusack
|
0-0: Ball 1-0: Ball 2-0: Called Strike 2-1: Foul Ball, location: 2F 2-2: Ball 3-2: Base on Balls
|
|
Batting: RHB Edward Irvine
|
0-0: Foul Ball, location: 2F 0-1: Ball 1-1: Swinging Strike 1-2: Grounds into double play, 6-4-3 (Groundball, 56, EV 85.0 MPH)
|
|
Batting: RHB Mark Sheehy
|
0-0: Called Strike 0-1: Ball 1-1: Called Strike 1-2: SINGLE (Groundball, 6D, EV 102.5 MPH)
|
|
Batting: RHB Tony Evans
|
0-0: Called Strike 0-1: Foul Ball, location: 2F 0-2: Ball 1-2: Foul Ball, location: 2F 1-2: Strikes out swinging
|
| Bottom of the 9th over - 0 runs, 1 hit, 0 errors, 1 left on base; Wisconsin Rapids 4 - Waterloo 3 |
|